 Dungeon Crawl Stone Soup version 0.30-a0-465-g8901f6c8b5 (console) character file.

Game seed: 17668076998053006334

520 jejorda2 the Slasher (level 7, -1/84 HPs)
             Began as a Merfolk Berserker on Dec 17, 2022.
             Was a Believer of Trog.
             Slain by Ijyb
             ... wielding a +4 spectral club
              (6 damage)
             ... on level 4 of the Dungeon.
             The game lasted 00:06:11 (2821 turns).

jejorda2 the Slasher (Merfolk Berserker)            Turns: 2821, Time: 00:06:12

Health: -1/84      AC:  4    Str: 17    XL:     7   Next: 21%
Magic:  7/7        EV:  9    Int:  6    God:    Trog [**....]
Gold:   263        SH:  0    Dex: 16    Spells: 6/6 levels left

rFire   . . .      SeeInvis .    a - +0 falchion
rCold   . . .      Faith    .    (no shield)
rNeg    . . .      Spirit   .    p - +0 chain mail
rPois   .          Reflect  .    (no helmet)
rElec   .          Harm     .    (no cloak)
rCorr   .          Rampage  .    (no gloves)
Will    ++...                    (no boots)
Stlth   ..........               (no amulet)
HPRegen 1.34/turn                (no ring)
MPRegen 0.10/turn                (no ring)

@: berserking, strong-willed, corroded, regenerating, very quick
A: (nimble swimmer 2), mertail
a: Renounce Religion, Berserk, Trog's Hand


You were on level 4 of the Dungeon.
You worshipped Trog.
Trog was pleased with you.
You visited 1 branch of the dungeon, and saw 4 of its levels.

You collected 263 gold pieces.

Inventory:

Hand Weapons
 a - a +0 falchion (weapon)
 b - a +0 dagger
Missiles
 e - 8 poisoned darts
 k - 30 stones (quivered)
Armour
 p - a +0 chain mail (worn)
Scrolls
 c - 2 scrolls of vulnerability {unknown}
 g - a scroll of enchant armour {unknown}
 h - 5 scrolls of identify {unknown}
 j - a scroll of poison {unknown}
 l - 4 scrolls of fear {unknown}
 n - a scroll of fog {unknown}
 q - 2 scrolls of amnesia {unknown}
Potions
 d - 2 potions of attraction {unknown}
 f - 3 potions of ambrosia {unknown}
 i - 2 potions of curing {unknown}
 m - a potion of degeneration {unknown}
 o - 2 potions of mutation {unknown}


   Skills:
 + Level 5.1 Fighting
 * Level 7.1 Long Blades
 - Level 2.0 Armour
 + Level 5.2 Dodging


You had 6 spell levels left.
You didn't know any spells.
Your spell library was empty.

Dungeon Overview and Level Annotations

Branches:
Dungeon (4/15)
 Temple: D:4-7

Altars:

Annotations:
D:4 Ijyb


Innate Abilities, Weirdness & Mutations

((You are very nimble when in or above water. (Stealth+, EV+, Speed+++)))
Your lower body shifts to a powerful aquatic tail in water.


Message History

You miss Ijyb. You hit Ijyb.
Ijyb is lightly wounded.
Ijyb hits you with a +4 spectral club.
You hit Ijyb but do no damage.
Ijyb is lightly wounded.
Ijyb hits you with a +4 spectral club!
You barely miss Ijyb.
Ijyb is lightly wounded.
Ijyb hits you with a +4 spectral club.
You barely miss Ijyb.
Ijyb is lightly wounded.
Ijyb hits you with a +4 spectral club.
You hit Ijyb.
Ijyb is lightly wounded.
Ijyb hits you with a +4 spectral club.
You barely miss Ijyb.
Ijyb is lightly wounded.
Ijyb hits you with a +4 spectral club.
You barely miss Ijyb.
Ijyb is lightly wounded.
Ijyb hits you with a +4 spectral club.
* * * LOW HITPOINT WARNING * * *
You hit Ijyb.
Ijyb is moderately wounded.
Ijyb hits you with a +4 spectral club!
* * * LOW HITPOINT WARNING * * *
Press: ? - help, v - describe, . - travel
Here: Ijyb, wielding a +4 spectral club, wearing a +0 leather armour and carrying a wand of flame (23) (moderately wounded)
The floor.
Unknown command.
Unknown command.
Your skin crawls.
You feel strong-willed.
Ijyb zaps a wand.
The puff of flame hits you.
* * * LOW HITPOINT WARNING * * *
A red film seems to cover your vision as you go berserk!
You feel yourself moving faster!
You feel mighty! Ijyb hits you with a +4 spectral club.
You die...

. .. ###.
##.
.#...####.$.
..g.....#.#
#......# #.#
#.# #g# #@#
#.# #.# #.#
#.# #.# #.#
#.# #.#


You could see Ijyb.

Vanquished Creatures
  Grinder (D:3)
  Sigmund (D:3)
  A jelly (D:4)
  5 adders
  2 worms (D:2)
  A dart slug (D:2)
  7 endoplasms
  5 giant cockroaches
  12 goblins
  11 hobgoblins
  4 jackals (D:1)
  5 kobolds
  4 quokkas
  11 ball pythons
  6 bats
  6 frilled lizards
  4 rats
86 creatures vanquished.

Notes
Turn   | Place    | Note
-------+----------+-------------------------------------------
     0 | D:1      | jejorda2 the Merfolk Berserker began the quest for the Orb.
     0 | D:1      | Reached XP level 1. HP: 18/18 MP: 1/1
   188 | D:1      | Reached XP level 2. HP: 17/24 MP: 2/2
   229 | D:1      | You fall into a shaft and drop 1 floor!
   259 | D:2      | Reached skill level 4 in Long Blades
   368 | D:2      | Reached XP level 3. HP: 27/29 MP: 3/3
   593 | D:1      | Reached ** piety under Trog
   855 | D:1      | Reached XP level 4. HP: 33/37 MP: 4/4
   919 | D:1      | Found a faded altar of an unknown god.
  1836 | D:3      | Reached skill level 5 in Long Blades
  1856 | D:3      | Reached XP level 5. HP: 42/42 MP: 5/5
  2122 | D:3      | Noticed Grinder
  2133 | D:3      | Killed Grinder
  2134 | D:3      | Reached skill level 6 in Long Blades
  2134 | D:3      | Reached XP level 6. HP: 49/49 MP: 6/6
  2483 | D:3      | Noticed Sigmund
  2491 | D:3      | Killed Sigmund
  2492 | D:3      | Reached skill level 5 in Fighting
  2492 | D:3      | Reached skill level 7 in Long Blades
  2492 | D:3      | Reached skill level 5 in Dodging
  2492 | D:3      | Reached XP level 7. HP: 56/56 MP: 7/7
  2802 | D:4      | Noticed Ijyb
  2820 | D:4      | HP: 2/56 [Ijyb/puff of flame (6)]
  2821 | D:4      | Slain by Ijyb

Illustrated notes

Levels and vault maps discovered:
D:1:      wheals_arrival_shading, layout_basic,
          shapermc_ecumenical_altar_notcrosses, serial_aquarium,
          aquarium_bridge_straight [aquarium_subvault_bridge,
          aquarium_subvault_wall, aquarium_subvault_bridge,
          aquarium_subvault_wall], aquarium_bridge_square
          [aquarium_subvault_window, aquarium_subvault_window,
          aquarium_subvault_bridge, aquarium_subvault_bridge],
          aquarium_window_2, aquarium_window_1, aquarium_view_2d,
          aquarium_view_2g, aquarium_balcony_3b, grunt_decor_resistance
D:2:      layout_basic
D:3:      layout_loops_ring, corexii_hall_statues_l, st_stairs_4,
          wander_ebering_terrifying_dragon_lair, uniq_grinder, uniq_sigmund
D:4:      layout_basic, serial_shops, nicolae_shop_behind_doors, uniq_ijyb,
          uniq_duvessa

Skill      XL: |  1  2  3  4  5  6 |
---------------+-------------------+-----
Long Blades    | 4 5 6 7 |  7.1
Dodging        | 3 4 5 |  5.2
Armour         | 2 |  2.0
Fighting       | 4 5 |  5.1

Action                   |  1- 3 |  4- 6 |  7- 9 || total
-------------------------+-------+-------+-------++-------
Melee: Falchion          |   135 |   142 |    18 ||   295
       Punch             |       |       |     1 ||     1
Throw: Dart              |     2 |       |       ||     2
Invok: Berserk           |     2 |     4 |     1 ||     7
       Trog's Hand       |       |     2 |     1 ||     3
Armor: Ring mail         |    51 |    34 |       ||    85
       Animal skin       |     1 |       |       ||     1
       Chain mail        |       |    23 |     4 ||    27
Dodge: Dodged            |    85 |    71 |     3 ||   159

Table legend: (Time is in decaauts)
 A = Elapsed time spent in this place.
 B = Non-inter-level travel time spent in this place.
 C = Inter-level travel time spent in this place.
 D = Time resting spent in this place.
 E = Time spent auto-exploring this place.
 F = Levels seen in this place.
 G = Mean time per level.
                   A        B        C        D        E       F      G
               +--------+--------+--------+--------+--------+-----+--------+
         Total |   2881 |   2774 |    107 |    172 |   1920 |   4 |  720.2 |
       Dungeon |   2881 |   2774 |    107 |    172 |   1920 |   4 |  720.2 |
               +--------+--------+--------+--------+--------+-----+--------+

Top non-repeatable levels by time:
     D:3: 988 daAuts
     D:1: 942 daAuts
     D:2: 900 daAuts
     D:4: 50 daAuts
